 Dungeon Crawl Stone Soup version 0.30.1-4-g462c640d31 (webtiles) character file.

Game seed: 17843418867607507025

469 Bobit the Slasher (level 7, 0/56 HPs)
             Began as a Gnoll Reaver on Aug 13, 2023.
             Slain by a kobold
             ... wielding a +0 short sword
              (4 damage)
             ... on level 4 of the Dungeon.
             The game lasted 00:10:12 (3384 turns).

Bobit the Slasher (Gnoll Reaver)                    Turns: 3384, Time: 00:10:12

Health: 0/56       AC: 12    Str: 11    XL:     7   Next: 9%
Magic:  16/16      EV:  3    Int: 13    God:
Gold:   47         SH:  0    Dex: 12    Spells: 12/18 levels left

rFire   . . .        a - +0 falchion
rCold   . . .        (no shield)
rNeg    . . .        q - +0 plate armour {Will+}
rPois   .            (helmet restricted)
rElec   .            (no cloak)
rCorr   .            i - +0 pair of gloves
SInv    .            (no boots)
Will    +....        (no amulet) Stlth
                     (no ring)
HPRegen 0.29/turn    (no ring)
MPRegen 0.15/turn

%: no passive effects
@: studying Spellcasting
A: fangs 1, strong nose, distributed training, claws 1, horns 1
a: no special abilities


You were on level 4 of the Dungeon.
You visited 1 branch of the dungeon, and saw 4 of its levels.

You collected 47 gold pieces.

Inventory:

Hand Weapons
 a - a +0 falchion (weapon)
Armour
 b - a +0 leather armour
 h - a +0 helmet
 i - a +0 pair of gloves (worn)
 o - a +0 scale mail
 q - a +0 plate armour of willpower (worn)
Wands
 p - a wand of charming (8)
Scrolls
 c - 4 scrolls of identify {unknown}
 e - a scroll of vulnerability {unknown}
 g - 2 scrolls of teleportation {unknown}
 l - 2 scrolls of magic mapping {unknown}
 m - 2 scrolls of amnesia {unknown}
Potions
 d - 2 potions of mutation
 f - a potion of heal wounds {unknown}
 j - a potion of curing {unknown}
 k - a potion of ambrosia {unknown}
 n - a potion of brilliance {unknown}


   Skills:
 + Level 5.2 Fighting
 + Level 2.3 Short Blades
 + Level 7.0 Long Blades
 + Level 2.3 Axes
 + Level 2.3 Maces & Flails
 + Level 2.3 Polearms
 + Level 2.3 Staves
 + Level 2.3 Ranged Weapons
 + Level 2.3 Throwing
 + Level 2.3 Armour
 + Level 5.2 Dodging
 + Level 2.3 Stealth
 + Level 2.3 Shields
 + Level 2.3 Unarmed Combat
 + Level 6.1 Spellcasting
 + Level 5.8 Conjurations
 + Level 1.9 Hexes
 + Level 1.9 Summonings
 + Level 1.9 Necromancy
 + Level 1.9 Translocations
 + Level 1.9 Transmutations
 + Level 1.9 Fire Magic
 + Level 1.9 Ice Magic
 + Level 1.9 Air Magic
 + Level 1.9 Earth Magic
 + Level 1.9 Poison Magic
 + Level 2.6 Invocations
 + Level 2.3 Evocations


You had 12 spell levels left.
You knew the following spells:

 Your Spells              Type           Power      Damage    Failure   Level
a - Kiss of Death         Conj/Necr      56%        2d9       100%        1
b - Momentum Strike       Conj/Tloc      28%        3d8       100%        2
c - Hailstorm             Conj/Ice       14%        3d5       100%        3

Your spell library contained the following spells:

 Spells                   Type           Power      Damage    Failure   Level
 Slow                     Hex            36%        N/A       100%        1
 Confusing Touch          Hex            9%         N/A       100%        3
 Vampiric Draining        Necr           9%         2d6       100%        3


Dungeon Overview and Level Annotations

Branches:
Dungeon (4/15)
 Temple: D:4-7

Altars:
Uskayaw

Shops:
D:2 ?


Innate Abilities, Weirdness & Mutations

You have very sharp teeth.
Your uncanny sense of smell can sniff out nearby items.
Your experience applies equally to all skills.
You have sharp fingernails.
You have a pair of small horns on your head.


Message History

You barely miss the gnoll bouda.
The gnoll bouda is severely wounded.
The gnoll bouda utters an invocation to its god.
The gnoll bouda is healed somewhat.
You hit the gnoll bouda. You punch the gnoll bouda.
The gnoll bouda is almost dead.
The gnoll bouda hits you with a +0 club.
* * * LOW HITPOINT WARNING * * *
You hit the gnoll bouda but do no damage.
You bite the gnoll bouda, but do no damage.
The gnoll bouda is almost dead.
The gnoll bouda barely misses you.
You hit the gnoll bouda.
You kill the gnoll bouda!
Your life force feels restored.
Your Long Blades skill increases to level 7!
Unknown command.
You barely miss the gnoll. Your bite misses the gnoll.
The gnoll hits you but does no damage. x2
You closely miss the gnoll.
You headbutt the gnoll, but do no damage.
The gnoll hits you but does no damage.
You barely miss the gnoll.
The gnoll is no longer moving quickly. x2
The gnoll hits you but does no damage. x2
You hit the gnoll.
The gnoll is lightly wounded.
Your attacks no longer feel as feeble.
The gnoll hits you from afar with a +0 spear.
* * * LOW HITPOINT WARNING * * *
The gnoll hits you but does no damage.
You slash the gnoll!
You kill the gnoll!
The gnoll hits you from afar with a +0 spear.
* * * LOW HITPOINT WARNING * * *
Unknown command.
You hit the kobold but do no damage.
The gnoll hits you from afar with a +0 spear.
* * * LOW HITPOINT WARNING * * *
The kobold hits you with a +0 short sword.
You die...

#.#.. ∆ #(#.#
# . #.#.# .#
.). #.#.#
.###. #..
#.#.# ...^..
#.. #.#.#
#...... ##..
#.#.###g......
....
#.)..@Kg......


PPPP ##.#####...... .... #.# ..... P... #.# #.## P._ #.# # P. . #.# ... #.# PPP
#.# . #.# .. You could see 2 gnolls and a kobold.

Vanquished Creatures
  An ice beast (D:4)
  A phantom (D:4)
  A scorpion (D:4)
  A gnoll bouda (D:4)
  Jessica (D:2)
  An orc wizard (D:4)
  Natasha (thrice) (D:2)
  2 gnolls (D:4)
  An adder (D:2)
  A dart slug (D:4)
  3 orcs
  10 ball pythons
  5 endoplasms
  8 giant cockroaches
  3 goblins
  6 hobgoblins
  4 jackals (D:1)
  5 kobolds
  2 quokkas (D:1)
  2 bats (D:2)
  3 frilled lizards
  4 rats
68 creatures vanquished.

Notes
Turn   | Place    | Note
-------+----------+-------------------------------------------
     0 | D:1      | Bobit the Gnoll Reaver began the quest for the Orb.
     0 | D:1      | Reached XP level 1. HP: 20/20 MP: 6/6
   109 | D:1      | Reached XP level 2. HP: 18/26 MP: 7/7
   209 | D:1      | Learned a level 2 spell: Momentum Strike
   470 | D:1      | Reached skill level 5 in Spellcasting
   470 | D:1      | Reached XP level 3. HP: 19/20 MP: 7/9
   730 | D:1      | Reached skill level 1 in Invocations
   973 | D:2      | Found Osodigui's Magic Scroll Emporium.
  1185 | D:2      | Noticed Natasha
  1198 | D:2      | Killed Natasha
  1199 | D:2      | Reached skill level 1 in Short Blades
  1199 | D:2      | Reached skill level 1 in Axes
  1199 | D:2      | Reached skill level 1 in Maces & Flails
  1199 | D:2      | Reached skill level 1 in Polearms
  1199 | D:2      | Reached skill level 1 in Staves
  1199 | D:2      | Reached skill level 1 in Ranged Weapons
  1199 | D:2      | Reached skill level 1 in Throwing
  1199 | D:2      | Reached skill level 1 in Armour
  1199 | D:2      | Reached skill level 1 in Stealth
  1199 | D:2      | Reached skill level 1 in Shields
  1199 | D:2      | Reached skill level 1 in Unarmed Combat
  1199 | D:2      | Reached skill level 1 in Evocations
  1199 | D:2      | Reached XP level 4. HP: 8/28 MP: 4/11
  1299 | D:2      | Noticed Natasha
  1306 | D:2      | Killed Natasha
  1307 | D:2      | Reached skill level 1 in Hexes
  1307 | D:2      | Reached skill level 1 in Summonings
  1307 | D:2      | Reached skill level 1 in Necromancy
  1307 | D:2      | Reached skill level 1 in Translocations
  1307 | D:2      | Reached skill level 1 in Transmutations
  1307 | D:2      | Reached skill level 1 in Fire Magic
  1307 | D:2      | Reached skill level 1 in Ice Magic
  1307 | D:2      | Reached skill level 1 in Air Magic
  1307 | D:2      | Reached skill level 1 in Earth Magic
  1307 | D:2      | Reached skill level 1 in Poison Magic
  1714 | D:2      | Noticed Jessica
  1738 | D:2      | Killed Jessica
  1739 | D:2      | Reached XP level 5. HP: 10/32 MP: 8/12
  1859 | D:2      | Noticed Natasha
  1871 | D:2      | Killed Natasha
  2267 | D:2      | Learned a level 3 spell: Hailstorm
  2365 | D:4      | Gained mutation: You have a pair of small horns on your
                  | head. [potion of mutation]
  2365 | D:4      | Gained mutation: You have sharp fingernails. [potion of
                  | mutation]
  2502 | D:4      | Noticed an ice beast
  2515 | D:4      | Killed an ice beast
  2516 | D:4      | Reached skill level 5 in Fighting
  2516 | D:4      | Reached skill level 5 in Dodging
  2516 | D:4      | Reached XP level 6. HP: 11/38 MP: 10/14
  2843 | D:4      | Found a hide-covered altar of Uskayaw.
  3350 | D:4      | Reached XP level 7. HP: 39/54 MP: 16/16
  3379 | D:4      | Reached skill level 7 in Long Blades
  3384 | D:4      | Slain by a kobold

Illustrated notes

Levels and vault maps discovered:
D:1:      zelgadis_glass_arrival_small, layout_basic
D:2:      layout_basic, serial_shops, shop, uniq_natasha, uniq_jessica
D:3:      layout_rooms, hellmonk_ecumenical_altar_blasted
D:4:      layout_loops_ring, mainiacjoe_overflow_cross_hatched

Skill      XL: |  1  2  3  4  5  6  7 |
---------------+----------------------+-----
Spellcasting   | 5 6 |  6.1
Invocations    | 1 2 |  2.6
Short Blades   | 1 2 |  2.3
Axes           | 1 2 |  2.3
Maces & Flails | 1 2 |  2.3
Polearms       | 1 2 |  2.3
Staves         | 1 2 |  2.3
Ranged Weapons | 1 2 |  2.3
Throwing       | 1 2 |  2.3
Armour         | 1 2 |  2.3
Stealth        | 1 2 |  2.3
Shields        | 1 2 |  2.3
Unarmed Combat | 1 2 |  2.3
Evocations     | 1 2 |  2.3
Hexes          | 1 |  1.9
Summonings     | 1 |  1.9
Necromancy     | 1 |  1.9
Translocations | 1 |  1.9
Transmutations | 1 |  1.9
Fire Magic     | 1 |  1.9
Ice Magic      | 1 |  1.9
Air Magic      | 1 |  1.9
Earth Magic    | 1 |  1.9
Poison Magic   | 1 |  1.9
Fighting       | 5 |  5.2
Dodging        | 5 |  5.2
Long Blades    | 7 |  7.0
Conjurations   | |  5.8

Action                     |  1- 3 |  4- 6 |  7- 9 || total
---------------------------+-------+-------+-------++-------
  Melee: Falchion          |   105 |   131 |    33 ||   269
         Bite              |     5 |    14 |     2 ||    21
         Punch             |     2 |     3 |     2 ||     7
         Headbutt          |       |     7 |     5 ||    12
   Cast: Kiss of Death     |     4 |     5 |       ||     9
         Momentum Strike   |     3 |     4 |       ||     7
    Use: Potion            |       |     1 |       ||     1
   Stab: Sleeping          |       |     1 |       ||     1
 Armour: Leather armour    |    37 |    26 |       ||    63
         Plate armour      |       |    26 |    16 ||    42
         Scale mail        |       |     5 |       ||     5
  Dodge: Dodged            |    75 |    53 |     4 ||   132
